 Dungeon Crawl Stone Soup version 0.20.0-8-g6b59dc7 (webtiles) character file.

99310 anfisbena the Fencer (level 16, 0/85 HPs)
             Began as a Vine Stalker Fighter on May 31, 2017.
             Was an Elder of Uskayaw.
             Slain by an orc warrior
             ... wielding a +0 battleaxe
             ... led by an orc warlord
              (8 damage)
             ... on level 2 of the Orcish Mines.
             The game lasted 00:52:56 (21659 turns).

anfisbena the Fencer (Vine Stalker Fighter)        Turns: 21659, Time: 00:52:57

Health: 0/85       AC: 24    Str: 33    XL:     16   Next: 24%
Magic:  0/20       EV:  9    Int:  8    God:    Uskayaw [****..]
Gold:   2088       SH: 16    Dex: 26    Spells: 15/15 levels left

rFire    + . .     SeeInvis +   M - +4 double sword (slice)
rCold    . . .     Gourm    .   v - +0 shield
rNeg     + . .     Faith    .   q - +1 shadow dragon scales
rPois    +         Spirit   +   (helmet restricted)
rElec    +         Reflect  .   A - +0 cloak "Veviq" {rPois Str+5}
rCorr    .         Harm     .   e - +1 pair of gloves
MR       ++...                  F - +4 pair of boots of the Land of Plenty {rElec rN+}
Stlth    +++++.....             U - amulet of rage
Regen    1.1/turn               S - ring of Generosity {rPois Dex+7 SInv}
MPRegen  0.2/turn               c - ring of the Equinox {rPois rF+ Str+8 Dex-3 Stlth-}

@: no status effects
A: claws 1, fangs 3, horns 1, iridescent scales 1, agile 1, low mp 1,
regeneration 2, magic shield, antimagic bite, no potion heal 3, rot immunity
a: Stomp, Line Pass, Renounce Religion, Evoke Berserk Rage


You were on level 2 of the Orcish Mines.
You worshipped Uskayaw.
Uskayaw was aware of your devotion.
You were very hungry.

You visited 4 branches of the dungeon, and saw 24 of its levels.
You also visited: Labyrinth and Sewer.

You collected 2228 gold pieces.
You spent 140 gold pieces at shops.

Inventory:

Hand Weapons
 M - a +4 double sword of slicing (weapon)
Armour
 e - a +1 pair of gloves (worn)
 q - +1 shadow dragon scales (worn)
 v - a +0 shield (worn)
 A - the +0 cloak "Veviq" (worn) {rPois Str+5}
   (You acquired it on level 4 of the Lair of Beasts)

   It affects your strength (+5).
   It protects you from poison.
 F - the +4 pair of boots of the Land of Plenty (worn) {rElec rN+}
   (You found it on level 3 of the Lair of Beasts)

   It insulates you from electricity.
   It protects you from negative energy.
 J - the +0 helmet "Sygaixi" {rElec}
   (You found it on level 9 of the Dungeon)

   It insulates you from electricity.
Jewellery
 c - the ring of the Equinox (right hand) {rPois rF+ Str+8 Dex-3 Stlth-}
   (You found it on level 14 of the Dungeon)

   [ring of protection from fire]

   It affects your strength (+8).
   It affects your dexterity (-3).
   It protects you from fire.
   It protects you from poison.
   It makes you less stealthy.
 C - an uncursed ring of stealth
 S - the ring of Generosity (left hand) {rPois Dex+7 SInv}
   (You bought it in a shop on level 8 of the Dungeon)

   [ring of see invisible]

   It affects your dexterity (+7).
   It protects you from poison.
   It lets you see invisible.
 U - an amulet of rage (around neck)
Wands
 r - a wand of clouds (4/9)
 x - a wand of iceblast (5/15)
 I - a wand of acid (7/15)
Scrolls
 b - 2 scrolls of identify
 h - 10 scrolls of teleportation
 j - 2 scrolls of fear
 k - 4 scrolls of enchant armour
 l - 11 scrolls of remove curse
 o - 2 scrolls of amnesia
 s - 3 scrolls of recharging
 u - 5 scrolls of magic mapping
 y - 5 scrolls of blinking
 W - 3 scrolls of summoning
Potions
 d - 4 potions of might
 g - a potion of brilliance
 i - 12 potions of curing
 p - 5 potions of agility
 t - 3 potions of degeneration {unknown}
 z - 3 potions of haste
 B - 2 potions of flight {unknown}
 E - 2 potions of cancellation {unknown}
 G - 2 potions of lignification {unknown}
 H - a potion of ambrosia {unknown}
 K - 4 potions of resistance {unknown}
 L - 2 potions of magic {unknown}
 R - a potion of berserk rage {unknown}
 T - 2 potions of invisibility {unknown}
Comestibles
 f - 10 bread rations
 m - 9 meat rations
 n - 44 fruits
 w - 17 royal jellies


   Skills:
 - Level 10.0 Fighting
 - Level 16.0 Long Blades
 - Level 6.0 Armour
 + Level 8.5 Stealth
 + Level 14.5 Shields
 - Level 8.0 Invocations


You had 15 spell levels left.
You didn't know any spells.

Dungeon Overview and Level Annotations

Branches:
Dungeon (15/15)            Temple (1/1) D:4            Lair (6/6) D:8
  Swamp (0/4) Lair:4        Snake (0/4) Lair:2        Slime (0/5) Lair:5
    Orc (2/2) D:12         Vaults (0/5) D:14         Depths (0/5) D:15
    Elf: Orc:2

Altars:
Cheibriados
Dithmenos
Elyvilon
Fedhas
Gozag
Hepliaklqana
Kikubaaqudgha
Makhleb
Nemelex Xobeh
Okawaru
Qazlal
Ru
Sif Muna
Trog
Uskayaw
Vehumet
Xom
Yredelemnul
Zin
The Shining One
Beogh
Jiyva

Shops:
D:8 *   Orc:2 =

Annotations:
Lair:3 exclusion: 2 oklob plants
Lair:5 1 runed door


Innate Abilities, Weirdness & Mutations

You have razor-sharp teeth.
You heal very quickly.
When hurt, damage is shared between your health and your magic reserves.
Your bite disrupts and absorbs the magic of your enemies.
Potions cannot restore your health.
You are immune to rotting.
You have sharp fingernails.
You have a pair of small horns on your head.
You are partially covered in iridescent scales. (AC +2)
You are agile. (Dex +2)
Your magical capacity is low. (-10% MP)


Message History

* * * LOW HITPOINT WARNING * * *
You block the orc warrior's attack. You block the orc priest's attack.
You slash the orc priest!
You kill the orc priest!
The orc wizard hits you with a dagger.
* * * LOW HITPOINT WARNING * * *
You closely miss the orc warrior.
You headbutt the orc warrior, but do no damage.
You bite the orc warrior. You drain its power.
You feel invigorated.
The orc warrior is moderately wounded.
The orc warrior no longer looks unusually strong.
The orc wizard hits you but does no damage.
You open the orc warrior like a pillowcase!!!
You kill the orc warrior!
You block the orc wizard's attack.
The orc warrior hits you from afar with a glaive!
* * * LOW HITPOINT WARNING * * *
The orc warrior hits you with a battleaxe!
You die...

................
............... ......
........$...... #.....
###$........... #.....
#.∩#.....[...... #8...8
##...#.....)#.....
#.....##...##............
.#.....#o..##...).........
........o@# #...#.#.......
.......o)#####.)###..##...
.......oo)o8())......# ...
.......oo)))).).....## ..
...._....)............
..................#.#.
...........8......###
.........#####.....#
.......... .....##


You could see an orc knight, 2 orc warriors, an orc priest, 2 orc wizards and an
orc.

Vanquished Creatures
  Frances (D:14)
  A frost giant (D:11)
  The ghost of Typee the Brawler, a journeyman DrTm of Cheibriados (Lair:6)
  An orc warlord (Orc:2)
  Nessos (D:15)
  3 dire elephants
  Josephine (Lair:5)
  A fire dragon (D:11)
  A minotaur (Lab)
  7 hydras
  A deep elf high priest (D:11)
  A death knight (D:9)
  8 vault guards (D:14)
  A catoblepas (Lair:6)
  6 two-headed ogres
  A deep troll shaman (Lair:6)
  A centaur warrior (D:15)
  12 death yaks
  Urug (Orc:1)
  Nergalle (Lair:2)
  An orc high priest (Orc:2)
  Sonja (D:12)
  3 unseen horrors
  2 orc knights (Orc:2)
  4 ugly things (D:14)
  A wolf spider zombie (D:12)
  An oklob plant (Lair:6)
  2 manticores
  4 orc sorcerers
  4 cyclopes
  A salamander (D:15)
  25 elephants
  5 centaur zombies
  Maurice (Orc:1)
  Joseph (D:10)
  7 black mambas
  A gargoyle (D:14)
  11 spiny frogs
  14 komodo dragons
  4 kobold demonologists
  An efreet (D:13)
  2 trolls
  2 polar bears
  Grinder (D:4)
  2 blink frogs
  2 slime creatures (D:15)
  5 dream sheep (Lair:6)
  9 hippogriffs
  A vampire (D:11)
  4 shadows
  8 redbacks (D:13)
  35 yaks
  4 wraiths
  2 hogs (D:7)
  A human (D:7)
  3 hungry ghosts
  3 basilisks
  10 vampire mosquitoes
  4 nagas (Lair:2)
  A warg (Orc:2)
  Menkaure (D:5)
  5 porcupines
  21 water moccasins
  21 orc warriors
  3 phantoms
  5 sky beasts
  3 ice beasts
  12 ogres
  3 black bears
  4 boggarts (D:14)
  An eye of draining (D:10)
  13 wolves
  19 centaurs
  15 crocodiles
  Blork the orc (D:5)
  6 big kobolds
  15 bullfrogs
  A wyvern zombie (D:13)
  6 scorpions
  3 killer bees
  4 electric eels
  11 wights
  2 howler monkeys (D:11)
  5 crimson imps
  4 bullfrog zombies
  A quasit (D:10)
  A jelly (D:8)
  8 hounds
  A gnoll shaman (D:7)
  15 orc priests
  2 bullfrog skeletons
  3 iguanas
  11 worker ants
  Natasha (D:2)
  26 orc wizards
  4 hell rats (Lair:6)
  A hound zombie (D:11)
  A hound skeleton (D:5)
  4 worker ant zombies
  13 gnolls
  24 adders
  3 shadow imps
  2 oozes
  3 adder skeletons (D:4)
  2 worms
  2 dart slugs (D:1)
  A leopard gecko (D:10)
  51 orcs
  9 giant cockroaches
  9 goblins
  4 hobgoblins
  9 jackals
  8 quokkas
  4 ball pythons
  A ball python zombie (D:6)
  14 bats
  10 frilled lizards
  A jackal skeleton (D:5)
  A jackal zombie (D:5)
  34 kobolds
  8 rats
720 creatures vanquished.

Vanquished Creatures (others)
  A quokka (D:6)
  2 fungi (Lair:2)
  3 plants
6 creatures vanquished.

Grand Total: 726 creatures vanquished

Notes
Turn   | Place    | Note
-------+----------+-------------------------------------------
     0 | D:1      | anfisbena the Vine Stalker Fighter began the quest for the Orb.
     0 | D:1      | Reached XP level 1. HP: 11/11 MP: 2/2
    23 | D:1      | Reached skill level 2 in Long Blades
   116 | D:1      | Reached XP level 2. HP: 14/16 MP: 3/3
   489 | D:1      | Reached skill level 3 in Long Blades
   497 | D:1      | Reached XP level 3. HP: 16/19 MP: 4/4
  1582 | D:2      | Noticed Natasha
  1595 | D:2      | Killed Natasha
  1595 | D:2      | Reached skill level 4 in Long Blades
  1595 | D:2      | Gained mutation: Your natural rate of healing is unusually fast. [Vine Stalker growth]
  1595 | D:2      | Reached XP level 4. HP: 11/23 MP: 3/5
  1886 | D:2      | Found a burning altar of Makhleb.
  2222 | D:3      | Found an iron altar of Okawaru.
  2377 | D:3      | Reached XP level 5. HP: 27/27 MP: 6/6
  2446 | D:3      | Found a shimmering altar of Xom.
  2829 | D:4      | Found a glowing drain.
  2843 | D:4      | Reached skill level 5 in Long Blades
  2888 | Sewer    | Entered a sewer
  3186 | D:4      | Reached XP level 6. HP: 29/32 MP: 7/7
  3455 | D:4      | Found a staircase to the Ecumenical Temple.
  3455 | D:4      | Noticed Grinder
  3476 | D:4      | Paralysed by Grinder for 2 turns
  3483 | D:4      | Killed Grinder
  3483 | D:4      | Reached skill level 6 in Long Blades
  3483 | D:4      | Reached XP level 7. HP: 13/35 MP: 6/8
  3541 | D:4      | Reached skill level 7 in Long Blades
  3556 | Temple   | Entered the Ecumenical Temple
  3569 | Temple   | Became a worshipper of Uskayaw the Reveler
  3631 | D:4      | Reached * piety under Uskayaw
  3675 | D:4      | Reached ** piety under Uskayaw
  3680 | D:4      | Reached *** piety under Uskayaw
  4076 | D:4      | Reached skill level 8 in Long Blades
  4243 | D:4      | Gained mutation: You have razor-sharp teeth. [Vine Stalker growth]
  4243 | D:4      | Reached XP level 8. HP: 37/39 MP: 7/9
  4361 | D:5      | Entered Level 5 of the Dungeon
  4592 | D:5      | Noticed Blork the orc
  4648 | D:5      | Noticed Menkaure
  4669 | D:5      | Killed Menkaure
  4669 | D:5      | Reached skill level 9 in Long Blades
  4708 | D:5      | Killed Blork the orc
  5011 | D:5      | Found a shadowy altar of Dithmenos.
  5081 | D:5      | Reached **** piety under Uskayaw
  5458 | D:6      | Reached skill level 10 in Long Blades
  5523 | D:6      | Found a white marble altar of Elyvilon.
  5571 | D:6      | Reached XP level 9. HP: 21/44 MP: 5/10
  6173 | D:7      | Reached skill level 5 in Fighting
  6180 | D:7      | Reached ***** piety under Uskayaw
  6281 | D:7      | Reached skill level 5 in Armour
  6493 | D:7      | Found a blossoming altar of Fedhas.
  6498 | D:7      | Reached XP level 10. HP: 53/53 MP: 11/11
  6539 | D:7      | Found a radiant altar of Vehumet.
  6685 | D:7      | Found a hazy altar of Hepliaklqana.
  7022 | D:7      | Reached skill level 1 in Stealth
  7035 | D:7      | Reached skill level 1 in Invocations
  7058 | D:7      | Reached ****** piety under Uskayaw
  7204 | D:8      | Found Famy's Assorted Antiques.
  7213 | D:8      | Bought a faintly glowing bronze ring for 140 gold pieces
  7214 | D:8      | Identified the ring of Generosity {rPois Dex+7 SInv} (You bought it in a shop on level 8 of the Dungeon)
  7413 | D:8      | Found a staircase to the Lair.
  8206 | D:9      | Got a pitted helmet
  8212 | D:9      | Identified the cursed +0 helmet "Sygaixi" {rElec} (You found it on level 9 of the Dungeon)
  8390 | D:9      | Found a basalt altar of Yredelemnul.
  8392 | D:9      | Noticed a death knight
  8396 | D:9      | Found an ancient bone altar of Kikubaaqudgha.
  8399 | D:9      | Found a transporter.
  8415 | D:9      | Found a transporter.
  8464 | D:9      | Reached skill level 5 in Stealth
  8988 | D:10     | Entered Level 10 of the Dungeon
  8988 | D:10     | Noticed a two-headed ogre
  8998 | D:10     | Killed a two-headed ogre
  8998 | D:10     | Reached skill level 5 in Invocations
  8998 | D:10     | Reached XP level 11. HP: 24/60 MP: 15/15
  9186 | D:10     | Noticed Joseph
  9209 | D:10     | Killed Joseph
  9256 | D:10     | Noticed an unseen horror
  9270 | D:10     | Killed an unseen horror
  9408 | D:10     | Gained mutation: Your muscles are strong. (Str +2) [mutagenic meat]
  9409 | D:10     | Gained mutation: You are partially covered in icy blue scales. (AC +2) [mutagenic meat]
  9410 | D:10     | Gained mutation: You are clumsy. (Dex -2) [mutagenic meat]
  9855 | D:11     | Noticed an unseen horror
  9860 | D:11     | Noticed an eight-headed hydra
  9958 | D:11     | Noticed a sixfirhy
 10062 | D:11     | Noticed a manticore
 10075 | D:11     | Killed a manticore
 10159 | D:11     | Killed an unseen horror
 10240 | D:11     | Noticed a two-headed ogre
 10253 | D:11     | Killed a two-headed ogre
 10543 | Lair:1   | Entered Level 1 of the Lair of Beasts
 11238 | Lair:2   | Reached skill level 10 in Fighting
 11247 | Lair:2   | Found a staircase to the Snake Pit.
 11375 | Lair:2   | Noticed Nergalle
 11381 | Lair:2   | Noticed a spectral orc warlord
 11398 | Lair:2   | Killed Nergalle
 11398 | Lair:2   | Gained mutation: You heal very quickly. [Vine Stalker growth]
 11398 | Lair:2   | Reached XP level 12. HP: 43/67 MP: 19/19
 11848 | Lair:2   | Reached skill level 5 in Shields
 11986 | Lair:2   | Reached skill level 11 in Long Blades
 12852 | Lair:3   | Noticed a four-headed hydra
 12866 | Lair:3   | Killed an eight-headed hydra
 12947 | Lair:3   | Got a pair of warped boots
 12958 | Lair:3   | Identified the +4 pair of boots of the Land of Plenty {rElec rN+} (You found it on level 3 of the Lair of Beasts)
 13427 | Lair:3   | Reached XP level 13. HP: 72/72 MP: 20/20
 13430 | Lair:3   | Reached skill level 12 in Long Blades
 13620 | Lair:4   | Found a staircase to the Swamp.
 13997 | Lair:4   | Identified a scroll of acquirement
 13998 | Lair:4   | Got a smoking cloak
 14009 | Lair:4   | Identified the +0 cloak "Veviq" {rPois Str+5} (You acquired it on level 4 of the Lair of Beasts)
 14404 | Lair:5   | Noticed a dire elephant
 14420 | Lair:5   | Found a labyrinth entrance.
 14429 | Lab      | Entered a labyrinth
 14713 | Lab      | Noticed a minotaur
 14720 | Lab      | Killed a minotaur
 14722 | Lab      | Got a faintly glowing jade ring
 14726 | Lab      | Identified the ring "Zoiwe" {Ice MR+ Str+5} (You took it off a minotaur in a labyrinth)
 14794 | Lair:5   | Killed a dire elephant
 14890 | Lair:5   | Found a runed door.
 14890 | Lair:5   | Found a viscous altar of Jiyva.
 14890 | Lair:5   | Found a staircase to the Slime Pits.
 14946 | Lair:5   | Noticed Josephine
 14967 | Lair:5   | Killed Josephine
 14990 | Lair:5   | Reached skill level 13 in Long Blades
 15132 | Lair:5   | Reached skill level 10 in Shields
 15561 | Lair:5   | Reached XP level 14. HP: 59/77 MP: 16/21
 15757 | Lair:6   | Entered Level 6 of the Lair of Beasts
 15822 | Lair:6   | Found a snail-covered altar of Cheibriados.
 15832 | Lair:6   | Noticed Typee's ghost (journeyman DrTm)
 15872 | Lair:6   | Killed Typee's ghost
 15991 | Lair:6   | Reached skill level 14 in Long Blades
 16175 | Lair:6   | Noticed a dire elephant
 16196 | Lair:6   | Killed a dire elephant
 16209 | Lair:6   | Got a pitted steel ring
 16211 | Lair:6   | Identified the ring of Xom's Full Attention {Ice Str+2 Dex+4} (You found it on level 6 of the Lair of Beasts)
 17250 | D:11     | Found a runed door.
 17255 | D:11     | Noticed a frost giant
 17272 | D:11     | Killed a frost giant
 17275 | D:11     | Reached XP level 15. HP: 48/80 MP: 22/22
 17296 | D:11     | Reached skill level 15 in Long Blades
 18012 | D:12     | Found a staircase to the Orcish Mines.
 18188 | D:12     | Noticed Sonja
 18202 | D:12     | Killed Sonja
 18942 | D:13     | Lost mutation: Your muscles are strong. (Str +2) [potion of mutation]
 18942 | D:13     | Lost mutation: You are clumsy. (Dex -2) [potion of mutation]
 18942 | D:13     | Lost mutation: You are partially covered in icy blue scales. (AC +2) [potion of mutation]
 18942 | D:13     | Gained mutation: You possess an exceptional clarity of mind. [potion of mutation]
 18942 | D:13     | Lost mutation: You possess an exceptional clarity of mind. [potion of mutation]
 18942 | D:13     | Gained mutation: You have sharp toenails. [potion of mutation]
 19087 | D:13     | Lost mutation: You have sharp toenails. [potion of mutation]
 19087 | D:13     | Gained mutation: Scrolls take you a little longer to read. [potion of mutation]
 19087 | D:13     | Gained mutation: You are clumsy. (Dex -2) [potion of mutation]
 19087 | D:13     | Gained mutation: You are frail. (-10% HP) [potion of mutation]
 19087 | D:13     | Gained mutation: You are partially covered in iridescent scales. (AC +2) [potion of mutation]
 19088 | D:13     | Lost mutation: You are frail. (-10% HP) [potion of mutation]
 19088 | D:13     | Lost mutation: Scrolls take you a little longer to read. [potion of mutation]
 19088 | D:13     | Lost mutation: You are clumsy. (Dex -2) [potion of mutation]
 19088 | D:13     | Gained mutation: You are clumsy. (Dex -2) [potion of mutation]
 19088 | D:13     | Gained mutation: You are weak. (Str -2) [potion of mutation]
 19088 | D:13     | Gained mutation: Your mind is acute. (Int +2) [potion of mutation]
 19088 | D:13     | Gained mutation: Your mind is very acute. (Int +4) [potion of mutation]
 19089 | D:13     | Lost mutation: You are clumsy. (Dex -2) [potion of mutation]
 19089 | D:13     | Lost mutation: Your mind is very acute. (Int +4) [potion of mutation]
 19089 | D:13     | Lost mutation: Your mind is acute. (Int +2) [potion of mutation]
 19089 | D:13     | Gained mutation: You are dopey. (Int -2) [potion of mutation]
 19089 | D:13     | Gained mutation: You have a pair of small horns on your head. [potion of mutation]
 19089 | D:13     | Gained mutation: You have a pair of horns on your head. [potion of mutation]
 19447 | D:13     | Lost mutation: You have a pair of horns on your head. [potion of mutation]
 19447 | D:13     | Lost mutation: You have a pair of small horns on your head. [potion of mutation]
 19447 | D:13     | Lost mutation: You are weak. (Str -2) [potion of mutation]
 19447 | D:13     | Lost mutation: You are dopey. (Int -2) [potion of mutation]
 19447 | D:13     | Gained mutation: Your magical capacity is low. (-10% MP) [potion of mutation]
 19447 | D:13     | Gained mutation: You have a pair of small horns on your head. [potion of mutation]
 19447 | D:13     | Gained mutation: You have sharp fingernails. [potion of mutation]
 19447 | D:13     | Gained mutation: You are agile. (Dex +2) [potion of mutation]
 19578 | D:14     | Found a shadowy altar of Dithmenos.
 19660 | D:14     | Found a gate to the Vaults.
 19673 | D:14     | Noticed Frances
 19699 | D:14     | Killed Frances
 19816 | D:14     | Got a steaming amber ring
 19838 | D:14     | Identified the ring of the Equinox {rPois rF+ Str+8 Dex-3 Stlth-} (You found it on level 14 of the Dungeon)
 20261 | D:14     | Found a sacrificial altar of Ru.
 20333 | D:15     | Entered Level 15 of the Dungeon
 20381 | D:15     | Reached skill level 16 in Long Blades
 20384 | D:15     | Found a staircase to the Depths.
 20401 | D:15     | Noticed Nessos
 20409 | D:15     | Killed Nessos
 20652 | D:15     | Reached XP level 16. HP: 85/85 MP: 20/20
 21070 | Orc:1    | Entered Level 1 of the Orcish Mines
 21185 | Orc:2    | Entered Level 2 of the Orcish Mines
 21250 | Orc:1    | Noticed Urug
 21252 | Orc:1    | Noticed Maurice
 21261 | Orc:1    | Killed Maurice
 21266 | Orc:1    | Killed Urug
 21629 | Orc:2    | Found a roughly hewn altar of Beogh.
 21642 | Orc:2    | Found Hirghom's Jewellery Boutique.
 21659 | Orc:2    | Slain by an orc warrior

Skill      XL: |  1  2  3  4  5  6  7  8  9 10 11 12 13 14 15 16 |
---------------+-------------------------------------------------+-----
Long Blades    | 2 3 4 5 6 8 10 11 13 14 16 | 16.0
Fighting       | 3 6 8 10 | 10.0
Armour         | 3 5 6 |  6.0
Stealth        | 5 6 8 |  8.5
Invocations    | 5 8 |  8.0
Shields        | 3 7 10 12 14 | 14.5

Action                   |  1- 3 |  4- 6 |  7- 9 | 10-12 | 13-15 | 16-18 || total
-------------------------+-------+-------+-------+-------+-------+-------++-------
Melee: Long sword        |   118 |   195 |   418 |   547 |       |       ||  1278
       Bite              |    34 |    65 |   182 |   366 |   502 |    45 ||  1194
       Double sword      |       |       |       |   167 |   865 |   115 ||  1147
       Demon blade       |       |       |       |       |     4 |       ||     4
       Headbutt          |       |       |       |       |    72 |    31 ||   103
Invok: Grand Finale      |       |       |       |       |       |     1 ||     1
 Abil: Evoke Berserk Rag |       |       |       |     4 |     3 |     1 ||     8
Evoke: Wand              |       |       |       |       |     1 |       ||     1
  Use: Scroll            |       |       |       |    13 |    16 |       ||    29
       Potion            |       |       |       |       |     6 |       ||     6
 Stab: Paralysed         |       |       |     8 |    40 |    91 |    15 ||   154
       Sleeping          |       |       |       |       |    24 |     3 ||    27
       Petrified         |       |       |       |       |     4 |       ||     4
       Distracted        |       |       |       |       |     6 |       ||     6
  Eat: Chunk             |     2 |    17 |    21 |    22 |    27 |     4 ||    93
       Fruit             |       |       |       |     2 |     1 |       ||     3
Armor: Scale mail        |    34 |       |       |       |       |       ||    34
       Plate armour      |    16 |   149 |   177 |   432 |    55 |       ||   829
       Shadow dragon sca |       |       |       |       |   426 |    46 ||   472
Dodge: Dodged            |    34 |    19 |    35 |    96 |   178 |    19 ||   381
Block: Shield            |    57 |   114 |   170 |   400 |   572 |    85 ||  1398
       Rpst.: Long sword |    10 |     9 |    14 |    17 |       |       ||    50
       Double sword      |       |       |       |     4 |    45 |     3 ||    52
